 Dungeon Crawl Stone Soup version 0.31-a0-750-gfe7b580527 (webtiles) character file.

Game seed: 16436029492116884714

1822 ooooo the Blocker (level 9, -1/53 HPs)
             Began as an Octopode Conjurer on Sept 14, 2023.
             Was an Initiate of Gozag.
             Slain by an orc warrior
             ... wielding a +0 long sword
              (11 damage)
             ... on level 6 of the Dungeon.
             The game lasted 00:16:22 (7182 turns).

ooooo the Blocker (Octopode Conjurer)               Turns: 7182, Time: 00:16:22

Health: -1/53      AC:  1    Str:  7    XL:     9   Next: 10%
Magic:  6/12       EV: 11    Int: 24    God:    Gozag
Gold:   191        SH:  0    Dex: 10    Spells: 9/12 levels left

rFire   . . .        g - +4 short sword (speed)
rCold   + . .        l - +0 kite shield
rNeg    . . .        (helmet restricted)
rPois   .            (no amulet)
rElec   .            j - ring of protection from cold
rCorr   .            (no ring)
SInv    .            (no ring)
Will    .....        (no ring)
Stlth   ++           (no ring)
HPRegen 0.28/turn    (no ring)
MPRegen 0.13/turn    (no ring)
                     (no ring)

%: no passive effects
@: confused, ambrosia-drunk, very slightly contaminated
A: almost no armour, amphibious, 8 rings, camouflage 1, gelatinous body 1,
(nimble swimmer 1), tentacles
a: Renounce Religion, Potion Petition, Call Merchant, Bribe Branch


You were on level 6 of the Dungeon.
You worshipped Gozag.
Gozag was aware of your devotion.
You visited 2 branches of the dungeon, and saw 7 of its levels.

You collected 278 gold pieces.
You paid 87 gold pieces to Gozag.

Inventory:

Hand Weapons
 c - a +0 dagger
 g - a +4 short sword of speed (weapon)
 o - a +2 heavy spear
Armour
 l - a +0 kite shield (worn)
Jewellery
 h - a ring of flight
 j - a ring of protection from cold (left tentacle)
Scrolls
 d - a scroll of torment
 e - 2 scrolls of summoning {unknown}
 i - 2 scrolls of poison {unknown}
 q - 2 scrolls of teleportation {unknown}
 r - a scroll of blinking {unknown}
 t - a scroll of noise {unknown}
 u - 2 scrolls of amnesia {unknown}
 v - 2 scrolls of revelation {unknown}
 w - a scroll of vulnerability {unknown}
 x - a scroll of fog {unknown}
Potions
 a - a potion of magic
 b - a potion of attraction
 f - a potion of brilliance
 n - 2 potions of curing
 s - a potion of degeneration


   Skills:
 - Level 1.4 Fighting
 - Level 2.4 Dodging
 - Level 3.5 Stealth
 + Level 10.5 Shields
 - Level 2.2 Spellcasting
 - Level 4.2 Conjurations
 - Level 1.3 Hexes
 - Level 1.2 Translocations
 - Level 1.2 Shapeshifting


You had 9 spell levels left.
You knew the following spells:

 Your Spells              Type           Power      Damage    Failure   Level
a - Searing Ray           Conj           46%        2d6       12%         2
b - Magic Dart            Conj           92%        1d7       8%          1

Your spell library contained the following spells:

 Spells                   Type           Power      Damage    Failure   Level
 Dazzling Flash           Conj/Hex       32%        N/A       38%         3
 Fulminant Prism          Conj/Hex       8%         3d7       80%         4
 Iskenderun's Mystic Bla  Conj/Tloc      15%        2d5       80%         4


Dungeon Overview and Level Annotations

Branches:
Dungeon (6/15) Zot: 26253  Temple (1/1) D:6 Zot: 5957

Altars:
Ashenzari
Cheibriados
Dithmenos
Elyvilon
Fedhas
Gozag
Hepliaklqana
Kikubaaqudgha
Makhleb
Nemelex Xobeh
Okawaru
Qazlal
Ru
Sif Muna
Trog
Uskayaw
Vehumet
Wu Jian
Yredelemnul
Zin
The Shining One

Shops:
D:1 :


Innate Abilities, Weirdness & Mutations

You cannot wear most types of armour.
You are amphibious.
You can wear up to eight rings at the same time.
Your skin changes colour to match your surroundings (Stealth+).
Your rubbery body absorbs attacks. (AC +1, EV +1)
((You are camouflaged when in or above water. (Stealth+)))
You have tentacles for arms and can constrict up to eight enemies at once.


Message History

Aiming: Searing Ray (safe; 12% risk of failure)
Press: ? - help, Shift-Dir - straight line, f/p - orc warrior
Aim: an orc warrior, wielding a +0 long sword and wearing a +0 chain mail (lightly wounded, constricted by you, 100% to hit)
The searing ray hits the orc warrior!
The orc warrior is moderately wounded. (Press . to maintain the ray.)
You constrict the orc warrior, but do no damage.
You block the orc warrior's attack.
The searing ray hits the orc warrior.
The orc warrior is heavily wounded.
You constrict the orc warrior, but do no damage.
You block the orc warrior's attack.
The searing ray hits the orc warrior.
The orc warrior is severely wounded.
You constrict the orc warrior. The orc warrior completely misses you.
The searing ray hits the orc warrior.
The orc warrior is severely wounded.
You finish channelling your searing ray.
You constrict the orc warrior.
The orc warrior hits you with a +0 long sword!
Casting: Searing Ray (safe; 12% risk of failure)
Confirm with . or Enter, or press ? or * to list all spells.
Aiming: Searing Ray (safe; 12% risk of failure)
Press: ? - help, Shift-Dir - straight line, f/p - orc warrior
Aim: an orc warrior, wielding a +0 long sword and wearing a +0 chain mail (severely wounded, constricted by you, 100% to hit)
You miscast Searing Ray.
You are very lightly contaminated with residual magic.
Nothing appears to happen.
You constrict the orc warrior. You block the orc warrior's attack.
You barely miss the orc warrior.
The orc warrior is almost dead.
You constrict the orc warrior, but do no damage.
The orc warrior hits you with a +0 long sword!
* * * LOW HITPOINT WARNING * * *
You are confused.
You feel invigorated.
You constrict the orc warrior, but do no damage.
The orc warrior hits you with a +0 long sword!
You die...
Your body crumbles into a pile of gold.

......# ##########
.####.# ........# .#
###....#.## .####.#
..........# ......#
...[...#..# ..#####
.......#..### .......
............# ..#.###
#...........#
..#.###.#.#....o@...#
........#.#######'###
........#.## #.#
...........# #.#
...........# #.#
#..........# #)#
'..........# #)#
#..........# #.#
#.##.##)##.######$######


You could see an orc warrior.

Vanquished Creatures
  Prince Ribbit (D:6)
  Edmund (D:5)
  A black bear (D:5)
  2 ogres
  A centaur (D:5)
  3 phantoms
  Blork the orc (D:6)
  4 scorpions
  A howler monkey (D:5)
  3 jellies
  An orc priest (D:5)
  3 hounds
  A gnoll bouda (D:4)
  A sleepcap (D:6)
  An iguana (D:5)
  5 orc wizards
  3 gnolls (D:4)
  6 adders
  A white imp (D:5)
  2 worms
  5 dart slugs
  12 orcs
  10 ball pythons
  11 bats
  6 endoplasms
  A giant cockroach (D:3)
  10 goblins
  4 hobgoblins
  6 quokkas
  2 frilled lizards
  9 kobolds
  6 rats
124 creatures vanquished.

Notes
Turn   | Place    | Note
-------+----------+-------------------------------------------
     0 | D:1      | ooooo the Octopode Conjurer began the quest for the Orb.
     0 | D:1      | Reached XP level 1. HP: 11/11 MP: 3/3
   186 | D:1      | Reached XP level 2. HP: 17/17 MP: 0/5
   191 | D:1      | Learned a level 2 spell: Searing Ray
   300 | D:1      | Found Ofuokish's Book Shop.
   584 | D:1      | Reached XP level 3. HP: 22/22 MP: 6/6
  1093 | D:2      | Identified the +0 pair of boots of Wisdom {rC++ Dex+4}
  1213 | D:2      | Reached skill level 1 in Fighting
  1213 | D:2      | Reached skill level 1 in Hexes
  1221 | D:2      | Reached XP level 4. HP: 9/28 MP: 4/7
  1454 | D:2      | Reached skill level 1 in Shapeshifting
  1598 | D:2      | Reached skill level 1 in Translocations
  1637 | D:2      | Found a sacrificial altar of Ru.
  1710 | D:2      | Found a faded altar of an unknown god.
  2512 | D:3      | Reached XP level 5. HP: 15/33 MP: 6/8
  2623 | D:3      | Reached skill level 1 in Shields
  2868 | D:4      | Reached skill level 2 in Shields
  3049 | D:4      | Noticed an ogre
  3067 | D:4      | Killed an ogre
  3068 | D:4      | Reached skill level 3 in Shields
  3068 | D:4      | Reached XP level 6. HP: 38/38 MP: 3/9
  3253 | D:4      | Reached skill level 4 in Shields
  3470 | D:4      | Found a snail-covered altar of Cheibriados.
  3470 | D:4      | Found an ornate altar of the Wu Jian Council.
  3470 | D:4      | Found a hazy altar of Hepliaklqana.
  3470 | D:4      | Found a blossoming altar of Fedhas.
  3477 | D:4      | Found a sparkling altar of Nemelex Xobeh.
  3477 | D:4      | Found an iron altar of Okawaru.
  3896 | D:5      | Entered Level 5 of the Dungeon
  4146 | D:5      | Reached skill level 5 in Shields
  4196 | D:5      | Reached XP level 7. HP: 32/43 MP: 4/10
  4307 | D:5      | Reached skill level 6 in Shields
  5374 | D:5      | Noticed Edmund
  5383 | D:5      | Killed Edmund
  5384 | D:5      | Reached skill level 7 in Shields
  5384 | D:5      | Reached XP level 8. HP: 40/48 MP: 11/11
  5562 | D:5      | Reached skill level 8 in Shields
  5720 | D:5      | Found a shadowy altar of Dithmenos.
  6155 | D:5      | Reached skill level 9 in Shields
  6491 | D:6      | Noticed Blork the orc
  6714 | D:6      | Found a staircase to the Ecumenical Temple.
  6723 | Temple   | Entered the Ecumenical Temple
  6744 | Temple   | Became a worshipper of Gozag Ym Sagoz the Greedy
  6801 | D:6      | Killed Blork the orc
  6931 | D:6      | Noticed Prince Ribbit
  6965 | D:6      | Killed Prince Ribbit
  6966 | D:6      | Reached skill level 10 in Shields
  6966 | D:6      | Reached XP level 9. HP: 35/53 MP: 7/12
  7182 | D:6      | Slain by an orc warrior

Illustrated notes

Levels and vault maps discovered:
D:1:      dpeg_arrival_rhombus, layout_basic, serial_shops, shop, minivault_11,
          minmay_misc_feat_diagonals, dreamdust_mushroom_princess
D:2:      layout_loops_ring, shapermc_ecumenical_altar_mp_vishouse, basic_altar,
          minmay_octomino_j4
D:3:      minmay_diamond_boxcup, layout_loops_cross
D:4:      layout_cave_pools, minmay_overflow_temple_hex, hex_large
D:5:      layout_basic, grunt_dithmenos_shadows, kb_lookout_dungeons_type,
          uniq_edmund
D:6:      layout_basic, minmay_temple_entry_large_hall, minmay_misc_feat_rows,
          grunt_decor_one_mirror, uniq_blork_the_orc, uniq_eustachio,
          uniq_prince_ribbit1
Temple:   dpeg_chambers_temple

Skill      XL: |  1  2  3  4  5  6  7  8 |
---------------+-------------------------+-----
Stealth        | 3 |  3.5
Fighting       | 1 |  1.4
Hexes          | 1 |  1.3
Shapeshifting  | 1 |  1.2
Translocations | 1 |  1.2
Shields        | 3 5 7 10 | 10.5
Dodging        | |  2.4
Spellcasting   | |  2.2
Conjurations   | |  4.2

Action                     |  1- 3 |  4- 6 |  7- 9 || total
---------------------------+-------+-------+-------++-------
  Melee: Unarmed           |     8 |       |       ||     8
         Constrict         |    10 |    22 |     9 ||    41
         Dagger            |    29 |       |       ||    29
         Tentacles         |     7 |    15 |     9 ||    31
         Short sword       |    18 |    92 |    60 ||   170
         Punch             |     1 |       |     1 ||     2
   Cast: Magic Dart        |    11 |       |       ||    11
         Searing Ray       |     4 |    10 |    31 ||    45
    Use: Potion            |       |     2 |     4 ||     6
         Scroll            |       |     5 |     1 ||     6
   Stab: Sleeping          |    12 |    15 |     5 ||    32
 Armour: Skin              |    19 |    40 |    72 ||   131
  Dodge: Dodged            |    34 |    28 |    44 ||   106
  Block: Kite shield       |       |    21 |    34 ||    55

Table legend: (Time is in decaauts)
 A = Elapsed time spent in this place.
 B = Non-inter-level travel time spent in this place.
 C = Inter-level travel time spent in this place.
 D = Time resting spent in this place.
 E = Time spent auto-exploring this place.
 F = Levels seen in this place.
 G = Mean time per level.
                   A        B        C        D        E       F      G
               +--------+--------+--------+--------+--------+-----+--------+
         Total |   7165 |   7003 |    162 |   2082 |   3743 |   7 | 1023.6 |
       Dungeon |   7122 |   7000 |    122 |   2082 |   3743 |   6 | 1187.0 |
        Temple |     42 |      2 |     40 |      0 |      0 |   1 |   42.0 |
               +--------+--------+--------+--------+--------+-----+--------+

Top non-repeatable levels by time:
     D:5: 2484 daAuts
     D:4: 1043 daAuts
     D:1: 973 daAuts
     D:2: 961 daAuts
     D:3: 915 daAuts
     D:6: 745 daAuts
  Temple: 42 daAuts
